 Dungeon Crawl Stone Soup version 0.29.1-1-gd02db6906a (webtiles) character file.

Game seed: 1870373148664227144

79 mcbry74 the Trooper (level 4, -3/40 HPs)
             Began as a Hill Orc Fighter on Oct 4, 2022.
             Was a High Priest of Ignis.
             Slain by a gnoll
             ... wielding a +0 flail
              (7 damage)
             ... on level 2 of the Dungeon.
             The game lasted 00:03:37 (1484 turns).

mcbry74 the Trooper (Hill Orc Fighter)              Turns: 1484, Time: 00:03:38

Health: -3/40      AC:  7    Str: 20    XL:     4   Next: 38%
Magic:  4/4        EV:  9    Int:  8    God:    Ignis [*****.]
Gold:   22         SH:  4    Dex: 10    Spells: 3/3 levels left

rFire   + . .      SeeInvis .   a - +0 war axe
rCold   . . .      Faith    .   c - +0 buckler
rNeg    . . .      Spirit   .   b - +0 scale mail
rPois   .          Reflect  .   (no helmet)
rElec   .          Harm     .   (no cloak)
rCorr   .          Rampage  .   (no gloves)
Will    .....                   (no boots)
Stlth   ..........              (no amulet)
HPRegen 0.13/turn               (no ring)
MPRegen 0.09/turn               (no ring)

@: no status effects
A: no striking features
a: Renounce Religion, Fiery Armour, Foxfire Swarm, Rising Flame


You were on level 2 of the Dungeon.
You worshipped Ignis.
Ignis was extremely pleased with you.
You visited 1 branch of the dungeon, and saw 2 of its levels.

You collected 22 gold pieces.

Inventory:

Hand Weapons
 a - a +0 war axe (weapon)
Missiles
 e - 4 poisoned darts (quivered)
 h - 5 javelins
 l - a throwing net
Armour
 b - a +0 scale mail (worn)
 c - a +0 buckler (worn)
Jewellery
 k - an amulet of regeneration
Scrolls
 f - 2 scrolls of butterflies
 j - a scroll of blinking {unknown}
Potions
 d - a potion of might
 g - 2 potions of curing
 i - 3 potions of attraction {unknown}


   Skills:
 + Level 4.3 Fighting
 * Level 4.3 Axes
 + Level 3.8 Armour
 + Level 3.8 Shields


You had 3 spell levels left.
You didn't know any spells.
Your spell library was empty.

Dungeon Overview and Level Annotations

Branches:
Dungeon (2/15)

Altars:
Ignis

Shops:
D:1 (


Message History

You closely miss the goblin. You barely miss the goblin.
The gnoll hits you with a +0 flail. The goblin hits you but does no damage.
The goblin barely misses you.
You closely miss the gnoll.
The gnoll is lightly wounded.
You miss the goblin. You hit the goblin.
You kill the goblin!
The gnoll hits you but does no damage. The goblin barely misses you.
An adder comes into view.
The goblin attacks as you move away! The goblin completely misses you.
You hit the gnoll.
The gnoll is moderately wounded.
The gnoll hits you with a +0 flail. The goblin hits you but does no damage.
The gnoll barely misses you.
Things that are here:
a +0 club; a goblin corpse The goblin no longer looks unusually strong.
Things that are here:
a frilled lizard corpse; an adder corpse You closely miss the gnoll.
The gnoll is moderately wounded.
The gnoll hits you with a +0 flail!
* * * LOW HITPOINT WARNING * * *
You closely miss the gnoll.
The gnoll is moderately wounded.
The gnoll hits you with a +0 flail.
* * * LOW HITPOINT WARNING * * *
You barely miss the gnoll.
The gnoll is moderately wounded.
The gnoll hits you with a +0 flail.
* * * LOW HITPOINT WARNING * * *
You completely miss the gnoll.
The gnoll is moderately wounded.
The gnoll hits you with a +0 flail.
* * * LOW HITPOINT WARNING * * *
The gnoll barely misses you.
You barely miss the gnoll.
The gnoll is moderately wounded.
The gnoll hits you with a +0 flail!
You die...

..........# ...S......#
..........# .......$..#
.$........# ..........#
........<.###
.........ggg#####
..........#gg@..# ##########
.....(....#####.###........#
..........# #.)..........#
.........##########).......#
...>.............<...รท.....#
........###########.(......#
......### #........#
##########


You could see a gnoll, a hobgoblin and 3 goblins.

Vanquished Creatures
  Robin (D:2)
  2 gnolls (D:2)
  An adder (D:2)
  A ball python (D:2)
  3 endoplasms (D:1)
  3 giant cockroaches (D:1)
  6 goblins
  5 hobgoblins
  5 kobolds (D:1)
  2 quokkas (D:1)
  2 bats (D:1)
  4 frilled lizards
  4 rats
39 creatures vanquished.

Notes
Turn   | Place    | Note
-------+----------+-------------------------------------------
     0 | D:1      | mcbry74 the Hill Orc Fighter began the quest for the Orb.
     0 | D:1      | Reached XP level 1. HP: 19/19 MP: 1/1
    45 | D:1      | Reached XP level 2. HP: 16/27 MP: 2/2
   341 | D:1      | Found Jabysm's Weapon Emporium.
   387 | D:1      | Reached XP level 3. HP: 21/33 MP: 3/3
   729 | D:1      | Found a faded altar of an unknown god.
   737 | D:1      | Prayed at the altar of an unknown god.
   737 | D:1      | Became a worshipper of Ignis, the Dying Flame
  1411 | D:2      | Reached XP level 4. HP: 33/40 MP: 4/4
  1462 | D:2      | Noticed Robin
  1467 | D:2      | Killed Robin
  1484 | D:2      | Slain by a gnoll

Illustrated notes

Levels and vault maps discovered:
D:1:      minmay_arrival_stair_chambers, layout_rooms, serial_shops,
          nicolae_shop_bloodbath_and_beyond, ebering_ecumenical_altar_petrified,
          grunt_decor_fettered, st_stairs_14, chequers_serial_rivers_small_a
D:2:      layout_rooms, amethyst_killhole, minmay_worlds_worst_comb, uniq_robin

Skill      XL: |  1  2  3 |
---------------+----------+-----
Axes           | 3 4 |  4.3
Fighting       | 4 |  4.3
Armour         | |  3.8
Shields        | |  3.8

Action                   |  1- 3 |  4- 6 || total
-------------------------+-------+-------++-------
Melee: War axe           |    99 |    15 ||   114
  Use: Scroll            |     2 |       ||     2
Armor: Scale mail        |    53 |     9 ||    62
Dodge: Dodged            |    55 |    10 ||    65
Block: Buckler           |    26 |     2 ||    28
